SAA
LITTLE CAESARS HOT N READYS @ PHOENIX HOTSPUR YOUTH
09/01/2034
 
TOP OF THE 1ST
Little Caesars Hot N Readys batting - Pitching for Phoenix Hotspur Youth : LHP Habakkuk Baldonado
Pitching: LHP Habakkuk Baldonado
Batting: RHB Mink Molendijk 0-0: Called Strike
0-1: Called Strike
0-2: Ball
1-2: TRIPLE (Line Drive, 89XD)
Batting: RHB Tomas van Noord 0-0: Called Strike
0-1: Ball
1-1: Ball
2-1: SINGLE (Groundball, 4MD)
Mink Molendijk scores
Batting: RHB Cornelio Japón 0-0: Ball
1-0: Swinging Strike
1-1: Foul Ball, location: 2F
1-2: Ball
2-2: Strikes out looking
Batting: RHB Diego Martínez 0-0: Called Strike
0-1: Ball
1-1: Swinging Strike
1-2: Strikes out swinging
Batting: SHB Jorge Iglésias 0-0: Ball
1-0: Ball
2-0: Ball
3-0: Called Strike
3-1: Fielders Choice at 2nd, 6-4 (Groundball, 6)
Top of the 1st over - 1 run, 2 hits, 0 errors, 1 left on base; Little Caesars 1 - Phoenix Hotspur 0
BOTTOM OF THE 1ST
Phoenix Hotspur Youth batting - Pitching for Little Caesars Hot N Readys : LHP Mark Parker
Pitching: LHP Mark Parker
Batting: LHB Joseph Antoine 0-0: Foul Ball, location: 2F
0-1: Ground out 4-3 (Groundball, 4)
Batting: LHB Carlos Rodríguez 0-0: Called Strike
0-1: Fly out, F9 (Flyball, 9)
Batting: RHB Jonas van Claveren 0-0: Ball
1-0: SINGLE (Line Drive, 8LS)
Batting: RHB José Souza 0-0: Called Strike
0-1: Ball
1-1: Ball
2-1: Ball
3-1: Base on Balls
Jonas van Claveren to second
Batting: LHB Phil Mazzeo 0-0: Swinging Strike
0-1: Swinging Strike
0-2: Ground out 4-3 (Groundball, 4)
Bottom of the 1st over - 0 runs, 1 hit, 0 errors, 2 left on base; Little Caesars 1 - Phoenix Hotspur 0
TOP OF THE 2ND
Little Caesars Hot N Readys batting - Pitching for Phoenix Hotspur Youth : LHP Habakkuk Baldonado
Batting: SHB Robby Patterson 0-0: Ball
1-0: Ball
2-0: Called Strike
2-1: Foul Ball, location: 2F
2-2: Ball
3-2: Base on Balls
Batting: RHB Cullen Allen 0-0: Swinging Strike
0-1: Foul Ball, location: 2F
0-2: Ball
1-2: Ball
2-2: Grounds into double play, 5-4-3 (Groundball, 56)
Batting: SHB Ezequiel Oacia 0-0: Ground out 6-3 (Groundball, 6)
Top of the 2nd over - 0 runs, 0 hits, 0 errors, 0 left on base; Little Caesars 1 - Phoenix Hotspur 0
BOTTOM OF THE 2ND
Phoenix Hotspur Youth batting - Pitching for Little Caesars Hot N Readys : LHP Mark Parker
Batting: RHB Braylen Sampson 0-0: DOUBLE (Line Drive, 7LM)
Batting: RHB Francisco Arriagada 0-0: Ball
1-0: Ball
2-0: Ball
3-0: Called Strike
3-1: Base on Balls
Batting: LHB Damian Alldred 0-0: Ball
1-0: Fly out, F7 (Flyball, 78M)
Batting: RHB Myles Brundidge 0-0: Ball
1-0: Called Strike
1-1: Ground out 5-3 (Groundball, 56S)
Braylen Sampson to third
Francisco Arriagada to second
Batting: LHB Joseph Antoine 0-0: Ball
1-0: Ground out 4-3 (Groundball, 34)
Bottom of the 2nd over - 0 runs, 1 hit, 0 errors, 2 left on base; Little Caesars 1 - Phoenix Hotspur 0
TOP OF THE 3RD
Little Caesars Hot N Readys batting - Pitching for Phoenix Hotspur Youth : LHP Habakkuk Baldonado
Batting: SHB Quentin Harrop 0-0: Called Strike
0-1: Ball
1-1: Foul Ball, location: 2F
1-2: Strikes out looking
Batting: RHB Mink Molendijk 0-0: Ball
1-0: Called Strike
1-1: Ball
2-1: Ball
3-1: Base on Balls
Batting: RHB Tomas van Noord 0-0: Called Strike
0-1: Fly out, F9 (Flyball, 9S)
Batting: RHB Cornelio Japón 0-0: Ball
1-0: DOUBLE (Line Drive, 7D)
Mink Molendijk to third
Batting: RHB Diego Martínez 0-0: Ball
1-0: Called Strike
1-1: Reached via error on a dropped throw, E3
Mink Molendijk scores
Cornelio Japón to third
Batting: SHB Jorge Iglésias 0-0: Ball
1-0: Ball
2-0: Ball
3-0: Base on Balls
Diego Martínez to second
Batting: SHB Robby Patterson 0-0: Ball
1-0: Foul Ball, location: 2F
1-1: Ball
2-1: DOUBLE (Line Drive, 7LM)
Cornelio Japón scores
Diego Martínez scores
Jorge Iglésias to third
Batting: RHB Cullen Allen 0-0: Called Strike
0-1: Ground out 6-3 (Groundball, 6)
Top of the 3rd over - 3 runs, 2 hits, 1 error, 2 left on base; Little Caesars 4 - Phoenix Hotspur 0
BOTTOM OF THE 3RD
Phoenix Hotspur Youth batting - Pitching for Little Caesars Hot N Readys : LHP Mark Parker
Batting: LHB Carlos Rodríguez 0-0: Foul Ball, location: 2F
0-1: Swinging Strike
0-2: Ball
1-2: Strikes out swinging
Batting: RHB Jonas van Claveren 0-0: Ball
1-0: Foul Ball, location: 2F
1-1: Ball
2-1: Fly out, F8 (Flyball, 8RD)
Batting: RHB José Souza 0-0: Called Strike
0-1: Ball
1-1: Ball
2-1: Foul Ball, location: 2F
2-2: Ball
3-2: Ground out 4-3 (Groundball, 4S)
Bottom of the 3rd over - 0 runs, 0 hits, 0 errors, 0 left on base; Little Caesars 4 - Phoenix Hotspur 0
TOP OF THE 4TH
Little Caesars Hot N Readys batting - Pitching for Phoenix Hotspur Youth : LHP Habakkuk Baldonado
Batting: SHB Ezequiel Oacia 0-0: Called Strike
0-1: SINGLE (Groundball, 6D)
Batting: SHB Quentin Harrop 0-0: Foul Ball, location: 2F
0-1: Called Strike
0-2: Ball
1-2: Foul Ball, location: 2F
1-2: Ball
2-2: Strikes out swinging
Batting: RHB Mink Molendijk 0-0: SINGLE (Line Drive, 6MD)
Ezequiel Oacia to second
Batting: RHB Tomas van Noord 0-0: Ball
1-0: Called Strike
1-1: Foul Ball, location: 2F
1-2: Strikes out looking
Batting: RHB Cornelio Japón 0-0: Ball
1-0: Fly out, F7 (Flyball, 78D)
Top of the 4th over - 0 runs, 2 hits, 0 errors, 2 left on base; Little Caesars 4 - Phoenix Hotspur 0
BOTTOM OF THE 4TH
Phoenix Hotspur Youth batting - Pitching for Little Caesars Hot N Readys : LHP Mark Parker
Batting: LHB Phil Mazzeo 0-0: Ball
1-0: Called Strike
1-1: Ball
2-1: Foul Ball, location: 2F
2-2: Ball
3-2: Ground out 4-3 (Groundball, 4)
Batting: RHB Braylen Sampson 0-0: Ball
1-0: Ground out U3 (Groundball, 34)
Batting: RHB Francisco Arriagada 0-0: Ball
1-0: Swinging Strike
1-1: Called Strike
1-2: Fly out, F9 (Flyball, 9S)
Bottom of the 4th over - 0 runs, 0 hits, 0 errors, 0 left on base; Little Caesars 4 - Phoenix Hotspur 0
TOP OF THE 5TH
Little Caesars Hot N Readys batting - Pitching for Phoenix Hotspur Youth : LHP Habakkuk Baldonado
Batting: RHB Diego Martínez 0-0: Called Strike
0-1: Ball
1-1: Fly out, F5 (Popup, 5S)
Batting: SHB Jorge Iglésias 0-0: Called Strike
0-1: Ball
1-1: Foul Ball, location: 2F
1-2: Ball
2-2: Foul Ball, location: 2F
2-2: Strikes out swinging
Batting: SHB Robby Patterson 0-0: Foul Ball, location: 2F
0-1: Ball
1-1: Fly out, F8 (Flyball, 8LM)
Top of the 5th over - 0 runs, 0 hits, 0 errors, 0 left on base; Little Caesars 4 - Phoenix Hotspur 0
BOTTOM OF THE 5TH
Phoenix Hotspur Youth batting - Pitching for Little Caesars Hot N Readys : LHP Mark Parker
Batting: LHB Damian Alldred 0-0: Ball
1-0: Fly out, F9 (Flyball, 9S)
Batting: RHB Myles Brundidge 0-0: SINGLE (Line Drive, 56D)
Batting: LHB Joseph Antoine 0-0: Ball
1-0: Ball
2-0: Swinging Strike
2-1: Grounds into double play, 6-4-3 (Groundball, 6)
Bottom of the 5th over - 0 runs, 1 hit, 0 errors, 0 left on base; Little Caesars 4 - Phoenix Hotspur 0
TOP OF THE 6TH
Little Caesars Hot N Readys batting - Pitching for Phoenix Hotspur Youth : LHP Habakkuk Baldonado
Batting: RHB Cullen Allen 0-0: Ball
1-0: Called Strike
1-1: Fly out, F9 (Line Drive, 9)
Batting: SHB Ezequiel Oacia 0-0: Fly out, F7 (Flyball, 7S)
Batting: SHB Quentin Harrop 0-0: Called Strike
0-1: Swinging Strike
0-2: Foul Ball, location: 2F
0-2: Ball
1-2: Ball
2-2: Foul Ball, location: 2F
2-2: Strikes out looking
Top of the 6th over - 0 runs, 0 hits, 0 errors, 0 left on base; Little Caesars 4 - Phoenix Hotspur 0
BOTTOM OF THE 6TH
Phoenix Hotspur Youth batting - Pitching for Little Caesars Hot N Readys : LHP Mark Parker
Batting: LHB Carlos Rodríguez 0-0: Ball
1-0: DOUBLE (Line Drive, 89D)
Batting: RHB Jonas van Claveren 0-0: Called Strike
0-1: Ball
1-1: Foul Ball, location: 2F
1-2: Foul Ball, location: 2F
1-2: SINGLE (Line Drive, 89M)
Carlos Rodríguez to third
Batting: RHB José Souza 0-0: Ball
1-0: Ball
2-0: Foul Ball, location: 2F
2-1: Ball
3-1: Foul Ball, location: 2F
3-2: Foul Ball, location: 2F
3-2: SINGLE (Groundball, 34D)
Carlos Rodríguez scores
Jonas van Claveren to second
Runner from 2nd tries for 3rd, SAFE, no throw
Batting: LHB Phil Mazzeo 0-0: Fly out, F9 (Flyball, 89S)
Batting: RHB Braylen Sampson 0-0: SINGLE (Groundball, 6MD)
Jonas van Claveren scores
José Souza to second
Batting: RHB Francisco Arriagada 0-0: Ball
1-0: Ball
2-0: Foul Ball, location: 2F
2-1: Foul Ball, location: 2F
2-2: Ball
3-2: SINGLE (Groundball, 6MD)
José Souza to third
Braylen Sampson to second
Runner from 3rd tries for Home, SAFE, no throw
Batting: LHB Damian Alldred 0-0: SINGLE (Groundball, 3D)
Braylen Sampson to third
Francisco Arriagada to second
Runner from 3rd tries for Home, SAFE, no throw
Batting: RHB Myles Brundidge 0-0: Ball
1-0: Ball
2-0: Ball
3-0: Base on Balls
Francisco Arriagada to third
Damian Alldred to second
Batting: LHB Joseph Antoine 0-0: Ball
1-0: Ball
2-0: SINGLE (Line Drive, 56D)
Francisco Arriagada scores
Damian Alldred to third
Myles Brundidge to second
Runner from 3rd tries for Home, SAFE, throw made home
Pitching: LHP Esteban Allucingoli
Batting: LHB Carlos Rodríguez 0-0: Ball
1-0: Swinging Strike
1-1: Swinging Strike
1-2: SINGLE (Line Drive, 8RS)
Myles Brundidge to third
Joseph Antoine to second
Runner from 3rd tries for Home, SAFE, no throw
Batting: RHB Jonas van Claveren 0-0: Called Strike
0-1: Ball
1-1: Ball
2-1: Foul Ball, location: 2F
2-2: Strikes out swinging
Batting: RHB José Souza 0-0: Called Strike
0-1: Ball
1-1: Foul Ball, location: 2F
1-2: Strikes out looking
Bottom of the 6th over - 7 runs, 8 hits, 0 errors, 2 left on base; Little Caesars 4 - Phoenix Hotspur 7
TOP OF THE 7TH
Little Caesars Hot N Readys batting - Pitching for Phoenix Hotspur Youth : LHP Habakkuk Baldonado
Batting: RHB Mink Molendijk 0-0: SINGLE (Line Drive, 56D)
Batting: RHB Tomas van Noord 0-0: Ball
1-0: Bunted foul
1-1: Bunted foul
1-2: Foul Ball, location: 2F
1-2: Foul Ball, location: 2F
1-2: SINGLE (Flyball, 34D)
Mink Molendijk to second
Mink Molendijk to third
Batting: RHB Cornelio Japón 0-0: Called Strike
0-1: Fly out, F8 (Flyball, 89D)
Runner from 3rd tags up, SCORES, throw made
Batting: RHB Diego Martínez 0-0: Called Strike
0-1: Ball
Tomas van Noord steals 2nd base
1-1: Called Strike
1-2: Ball
2-2: Foul Ball, location: 2F
2-2: Foul Ball, location: 2F
2-2: Ball
3-2: Foul Ball, location: 2F
3-2: Foul Ball, location: 2F
3-2: SINGLE (Line Drive, 6)
Tomas van Noord to third
Runner from 3rd tries for Home, throw and OUT!
Pitching: LHP Neal Burns
Pinch Runner at 1st Adam Jensson:
Batting: SHB Jorge Iglésias 0-0: Ball
1-0: Ball
2-0: Ball
3-0: Base on Balls
Adam Jensson to second
Batting: SHB Robby Patterson 0-0: Foul Ball, location: 2F
0-1: Ball
1-1: Ball
2-1: Ball
3-1: Fielders Choice at 2nd, 5-4 (Groundball, 56)
Top of the 7th over - 1 run, 3 hits, 0 errors, 2 left on base; Little Caesars 5 - Phoenix Hotspur 7
BOTTOM OF THE 7TH
Phoenix Hotspur Youth batting - Pitching for Little Caesars Hot N Readys : LHP Esteban Allucingoli
Now at SS: Adam Jensson
Batting: LHB Phil Mazzeo 0-0: Fly out, F9 (Flyball, 9S)
Batting: RHB Braylen Sampson 0-0: Ball
1-0: Ball
2-0: Ground out 6-3 (Groundball, 6)
Batting: RHB Francisco Arriagada 0-0: Ball
1-0: Ball
2-0: Ball
3-0: Base on Balls
Batting: LHB Damian Alldred 0-0: Ball
1-0: Called Strike
1-1: Ground out 4-3 (Groundball, 4)
Bottom of the 7th over - 0 runs, 0 hits, 0 errors, 1 left on base; Little Caesars 5 - Phoenix Hotspur 7
TOP OF THE 8TH
Little Caesars Hot N Readys batting - Pitching for Phoenix Hotspur Youth : LHP Neal Burns
Batting: RHB Cullen Allen 0-0: Ball
1-0: Ball
2-0: Ball
3-0: Called Strike
3-1: Foul Ball, location: 2F
3-2: Fly out, F8 (Flyball, 8LM)
Batting: SHB Ezequiel Oacia 0-0: DOUBLE (Line Drive, 7LM)
Batting: SHB Quentin Harrop 0-0: SINGLE (Line Drive, 7LS)
Ezequiel Oacia to third
Pitching: RHP Jason MacDonald
Pinch Hitting: LHB Manuel Estrada 0-0: Ball
1-0: Ball
Wild Pitch!
Ezequiel Oacia scores
Quentin Harrop to second
2-0: Called Strike
2-1: Swinging Strike
2-2: Strikes out swinging
Pinch Hitting: RHB José Díaz 0-0: Called Strike
0-1: Called Strike
0-2: Ball
1-2: Ball
2-2: Fly out, F8 (Line Drive, 8LD)
Top of the 8th over - 1 run, 2 hits, 0 errors, 1 left on base; Little Caesars 6 - Phoenix Hotspur 7
BOTTOM OF THE 8TH
Phoenix Hotspur Youth batting - Pitching for Little Caesars Hot N Readys : LHP Esteban Allucingoli
Now in CF: Manuel Estrada
Now in RF: José Díaz
Batting: RHB Myles Brundidge 0-0: SINGLE (Line Drive, 7S)
Batting: LHB Joseph Antoine 0-0: Sac Bunt - play at second, runner OUT! 3-6
Batting: LHB Carlos Rodríguez Pickoff Throw to First - Error! E1
Joseph Antoine to second
0-0: Ball
1-0: Foul Ball, location: 2F
1-1: Called Strike
1-2: Strikes out swinging
Batting: RHB Jonas van Claveren 0-0: Ball
1-0: Ball
2-0: Called Strike
2-1: Foul Ball, location: 2F
2-2: Ball
3-2: Strikes out swinging
Bottom of the 8th over - 0 runs, 1 hit, 1 error, 1 left on base; Little Caesars 6 - Phoenix Hotspur 7
TOP OF THE 9TH
Little Caesars Hot N Readys batting - Pitching for Phoenix Hotspur Youth : RHP Jason MacDonald
Pitching: RHP Jorge Cruzan
Now at C: Bill Poole
Now at 1B: Tyler Kinjeketile
Now at 3B: Greg Billingsley
Batting: RHB Cornelio Japón 0-0: SINGLE (Line Drive, 78S)
Pinch Hitting: LHB Victor Schuur 0-0: Foul Ball, location: 2F
0-1: Foul Ball, location: 2F
0-2: Ball
1-2: Foul Ball, location: 2F
1-2: Ball
2-2: Strikes out swinging
Batting: SHB Jorge Iglésias 0-0: Ball
1-0: Foul Ball, location: 2F
1-1: Ball
2-1: Called Strike
2-2: Ball
3-2: SINGLE (Groundball, 34D)
Cornelio Japón to second
Runner from 2nd tries for 3rd, SAFE, no throw
Batting: SHB Robby Patterson 0-0: Called Strike
0-1: Swinging Strike
0-2: Ball
1-2: Foul Ball, location: 2F
1-2: Ball
2-2: Ball
3-2: SINGLE (Groundball, 56)
Cornelio Japón scores
Jorge Iglésias to second
Pinch Runner at 2nd Charles Mackey:
Batting: RHB Cullen Allen 0-0: Swinging Strike
0-1: Foul Ball, location: 2F
0-2: Ball
1-2: Ball
2-2: Ball
3-2: Strikes out swinging
Batting: SHB Ezequiel Oacia 0-0: Foul Ball, location: 2F
0-1: Ball
1-1: Fly out, F3 (Popup, 3SF)
Top of the 9th over - 1 run, 3 hits, 0 errors, 2 left on base; Little Caesars 7 - Phoenix Hotspur 7
BOTTOM OF THE 9TH
Phoenix Hotspur Youth batting - Pitching for Little Caesars Hot N Readys : LHP Esteban Allucingoli
Now at 2B: Martin Dalling
Now at SS: Charles Mackey
Batting: RHB José Souza 0-0: Called Strike
0-1: Ball
1-1: Ball
2-1: Ball
3-1: Base on Balls
Pinch Runner at 1st Roldan Martir:
Batting: LHB Phil Mazzeo 0-0: Ball
1-0: Ball
2-0: Foul Ball, location: 2F
2-1: Ball
3-1: Called Strike
3-2: Foul Ball, location: 2F
3-2: Base on Balls
Roldan Martir to second
Batting: RHB Bill Poole 0-0: Called Strike
Roldan Martir steals 3rd base
0-1: Called Strike
0-2: Ball
1-2: Ball
2-2: Ball
3-2: Strikes out looking
Phil Mazzeo steals 2nd base
Batter strikes out.
Batting: RHB Francisco Arriagada 0-0: Intentional Walk
Pitching: RHP António Colón
Batting: LHB Damian Alldred 0-0: Ball
1-0: Reached on error, E4 (Groundball, 4)
Roldan Martir scores
Friday, March 29th, 2019 - OOTP Baseball 18.8 Build 76